Unix NetHack Version 5.0.0-0 post-release - last build May  3 2026 23:40:34 (9823c992c0763bbd039eca2974112f46eaf799b3,branch:main).

Game began 2026-05-04 15:13:47, ended 2026-05-04 15:33:25.

GdeVolpiano, neutral male human Monk

                                                             ----
                                                            --..|
                                                     --------...|
                                                     |..|.......|
                                                    --....----.--
                                                    |.<...|  |.|
                                                    |.....-  |.|
                                                    --.|.... |.|
                                                     ..|....||.|
                                                    ..--.----|.|
                                                   ...  .|   |.|
                                                   *.   --   |^|
                                                  ...        |)|
                                                 ...         |.|
                                                ....         |@|-- - |
                                               -...         --.|.| ..|
                                               ...-         |.0......|
                                              ..--          |[[[.).^-
                                              --            --%)--..|
                                                             ---- ---
GdeVolpiano the Initiate        St:18/01 Dx:11 Co:10 In:9 Wi:15 Ch:11  Neutral
Dlvl:7  $:167 HP:0(42) Pw:14(30) AC:-2 Xp:6 T:1813  Blind

Latest messages:
 The golden haze around you becomes more dense.
 The golden haze around you becomes less dense.
 The Mordor orc wields a knife!
 Winston misses the gnome.
 You hit the Mordor orc!
 You kill the Mordor orc!
 The rabid rat bites!
 You hit the rabid rat!
 The rabid rat bites!
 You kill the rabid rat!
 You hit the Woodland-elf!
 You hit the Woodland-elf!
 The Woodland-elf swings her runed broadsword.
 The Woodland-elf hits!
 You kill the Woodland-elf!
 There are several objects here.
 You kill the lichen!
 The Mordor orc throws a knife!
 The knife misses the yellow light.
 The knife hits the Woodland-elf.
 You hit the Mordor orc!
 The Mordor orc turns to flee.
 Winston eats a Mordor orc corpse.
 You kill the Mordor orc!
 The golden haze around you becomes less dense.
 In what direction?
 The spear misses the centipede.
 The Woodland-elf picks up an orcish helm.
 You hit the kobold mummy!
 The kobold mummy misses!
 The Woodland-elf picks up a knife.
 You destroy the kobold mummy!
 The Woodland-elf picks up a mummy wrapping.
 You hit the Woodland-elf!
 You hit the Woodland-elf!
 The Woodland-elf thrusts her runed short sword.
 The Woodland-elf hits!
 You kill the Woodland-elf!
 You hit the yellow light!
 The yellow light explodes!
 You are blinded by a blast of light!
 You hear some noises.
 It hits!
 It hits!
 You die...
 Do you want your possessions identified? [ynq] (y)
 Do you want to see your attributes? [ynq] (y)
 Do you want an account of creatures vanquished? [ynaq] (y)
 Do you want to see your conduct and achievements? [ynq] (y)
 Do you want to see the dungeon overview? [ynq] (y)

Inventory:
 Coins    ('$')
  $ - 167 gold pieces
 Weapons  (')')
  G - 2 +0 dwarvish spears
 Armor    ('[')
  a - an uncursed +2 pair of leather gloves (being worn)
  b - an uncursed +1 robe (being worn)
  n - an uncursed +0 robe
 Comestibles  ('%')
  P - an uncursed fig
  e - 6 uncursed food rations
  S - an uncursed tripe ration
 Scrolls  ('?')
  B - an uncursed scroll of create monster
  Q - an uncursed scroll of identify
  c - an uncursed scroll of punishment
  q - an uncursed scroll of scare monster
 Spellbooks  ('+')
  m - an uncursed spellbook of drain life
  i - a blessed spellbook of protection
 Potions  ('!')
  r - an uncursed potion of gain energy
  d - 2 uncursed potions of healing
  X - an uncursed potion of paralysis
  o - an uncursed potion of water
 Tools    ('(')
  t - an uncursed leather drum
  j - a cursed blindfold
  u - a +0 pick-axe (alternate weapon; not wielded)
  E - a blessed tallow candle
  D - 2 uncursed tallow candles
 Gems/Stones  ('*')
  J - an uncursed aquamarine stone
  p - an uncursed citrine stone
  R - an uncursed opal
  H - 3 uncursed worthless pieces of black glass
  T - 2 uncursed worthless pieces of blue glass
  F - an uncursed worthless piece of red glass
  U - 2 uncursed worthless pieces of white glass
  w - a cursed worthless piece of yellowish brown glass

GdeVolpiano the Monk's attributes:

Background:
 You were an Initiate, a level 6 male human Monk.
 You were neutral, on a mission for Chih Sung-tzu
 who was opposed by Shan Lai Ching (lawful) and Huan Ti (chaotic).
 You were right-handed.
 You were in the Gnomish Mines, on level 7.
 You entered the dungeon 1813 turns ago.
 There was a full moon in effect when your adventure ended.
 You had 485 experience points, 155 more were needed to attain level 7.

Basics:
 You had 0 out of 42 hit points.
 You had 14 out of 30 energy points (spell power).
 Your armor class was -2.
 Your wallet contained 167 zorkmids.
 Autopickup was on for '$?!/="+' plus thrown, with exceptions.

Final Characteristics:
 Your strength was 18/01 (limit:18/100).
 Your dexterity was 11 (limit:18).
 Your constitution was 10 (limit:18).
 Your intelligence was 9 (limit:18).
 Your wisdom was 15 (limit:18).
 Your charisma was 11 (limit:18).

Final Status:
 You were temporarily blind.
 You weren't hungry.
 You were unencumbered.
 You were empty handed.
 You had basic skill with martial arts.

Final Attributes:
 You were devoutly aligned.
 You were sleep resistant.
 You were poison resistant.
 You would have seen invisible when not blind.
 You were stealthy.
 You had a moderate defense bonus (+6).
 You were guarded.
 Your spell casting was enhanced by wearing a robe.
 You were fast.
 You were lucky.
 You are dead.

Miscellaneous:
 You didn't encounter any bones levels.
 Total elapsed playing time was 19 minutes and 38 seconds.

Major events:
 Turn
    1: GdeVolpiano the neutral male human Monk entered the dungeon
  807: attained the rank of Novice (level 3)
  875: entered the Gnomish Mines
 1597: attained the rank of Initiate (level 6)
 1813: killed by a Woodland-elf

Spells:
 Name                 Level Category     Fail Retention
 protection             1   clerical       0%  76%-100%

Skills:
 Fighting Skills
   martial arts       [Basic]
 Weapon Skills
   quarterstaff       [Unskilled]
   spear              [Unskilled]
   crossbow           [Unskilled]
   shuriken           [Unskilled]
 Spellcasting Skills
   attack spells      [Unskilled]
   healing spells     [Basic]
   divination spells  [Unskilled]
   enchantment spells [Unskilled]
   clerical spells    [Unskilled]
   escape spells      [Unskilled]
   matter spells      [Unskilled]

Voluntary challenges:
 Character rerolling was not enabled.
 You were vegetarian.
 You never hit with a wielded weapon.
 You never genocided any monsters.
 You never polymorphed an object.
 You never changed form.
 You used no wishes.
Achievements:
 You attained the rank of Novice.
 You entered the Gnomish Mines.
 You attained the rank of Initiate.

 The Dungeons of Doom: levels 1 to 5
    Level 1:
       A fountain, a sink.
    Level 2:
    Level 3:
       A fountain.
    Level 4:
       A fountain, a sink.
       Stairs down to The Gnomish Mines.
    Level 5:
 The Gnomish Mines: levels 5 to 7
    Level 5:
    Level 6:
    Level 7: <- You were here.
       Final resting place for
          you, killed by a Woodland-elf.


Vanquished creatures:
  3 Woodland-elves
  2 Mordor orcs
  a rock mole
  2 yellow lights
  a shrieker
  3 gnome leaders
  2 gnomish wizards
  a kobold mummy
  a gray ooze
  a ghoul
  4 dwarves
  a homunculus
  a rabid rat
 an orc zombie
  a werejackal
 an iguana
  a hobbit
  2 giant rats
 18 gnomes
  a gnome zombie
  2 geckos
  3 jackals
  2 foxes
  2 goblins
  3 grid bugs
  3 bats
  4 lichens
  6 newts
73 creatures vanquished.

No species were genocided or became extinct.

Game over:
                       ----------
                      /          \
                     /    REST    \
                    /      IN      \
                   /     PEACE      \
                  /                  \
                  |   GdeVolpiano    |
                  |      167 Au      |
                  |   killed by a    |
                  |   Woodland-elf   |
                  |                  |
                  |                  |
                  |       2026       |
                 *|     *  *  *      | *
        _________)/\\_//(\/(/\)/\//\/|_)_______

Goodbye GdeVolpiano the Monk...

You died in The Gnomish Mines on dungeon level 7 with 2391 points,
and 167 pieces of gold, after 1813 moves.
You were level 6 with a maximum of 42 hit points when you died.

